 Dungeon Crawl Stone Soup version 0.29-a0-813-g4a14ea37d6 (webtiles) character file.

Game seed: 8737343058821631451

56 purpskrrrp the Shield-Bearer (level 3, -1/36 HPs)
             Began as a Troll Fighter on July 4, 2022.
             Slain by an orc priest
             ... wielding a +0 hand axe
              (6 damage)
             ... on level 2 of the Dungeon.
             The game lasted 00:04:41 (888 turns).

purpskrrrp the Shield-Bearer (Troll Fighter)         Turns: 888, Time: 00:04:43

Health: -1/36      AC:  5    Str: 26    XL:     3   Next: 71%
Magic:  2/2        EV:  8    Int:  4    God:
Gold:   1          SH: 10    Dex:  9    Spells: 2/2 levels left

rFire   . . .      SeeInvis .   a - +0 flail
rCold   . . .      Faith    .   c - +3 kite shield
rNeg    . . .      Spirit   .   b - +0 robe
rPois   .          Reflect  .   (helmet restricted)
rElec   .          Harm     .   f - +0 cloak
rCorr   .          Rampage  .   (gloves unavailable)
Will    .....                   (boots unavailable)
Stlth   +.........              (no amulet)
HPRegen 0.92/turn               (no ring)
MPRegen 0.08/turn               (no ring)

@: no status effects
A: large, unfitting armour, claws 3, regeneration 1, shaggy fur 1, tough skin 1
a: no special abilities


You were on level 2 of the Dungeon.
You visited 1 branch of the dungeon, and saw 2 of its levels.

You collected 1 gold pieces.

Inventory:

Hand Weapons
 a - a +0 flail (weapon)
Missiles
 k - 3 large rocks (quivered)
Armour
 b - a +0 robe (worn)
 c - a +3 kite shield (worn)
 f - a +0 cloak (worn)
Jewellery
 g - an amulet of reflection
 i - a ring of protection from fire
Potions
 d - a potion of might
 e - a potion of mutation {unknown}
 h - a potion of flight


   Skills:
 + Level 2.6 Fighting
 * Level 2.6 Maces & Flails
 + Level 2.8 Dodging
 + Level 0.1 Stealth
 * Level 3.1 Shields


You had 2 spell levels left.
You didn't know any spells.
Your spell library contained the following spells:

 Spells                   Type           Power      Damage    Failure   Level
 Ensorcelled Hibernation  Hex/Ice        0%         N/A       90%         2
 Passwall                 Tmut/Erth      0%         N/A       90%         2
 Swiftness                Air            0%         N/A       99%         3


Dungeon Overview and Level Annotations

Branches:
Dungeon (2/15)

Altars:


Innate Abilities, Weirdness & Mutations

You are too large for most types of armour.
You have claws for hands.
Your natural rate of healing is unusually fast.
You are covered in fur. (AC +1)
You have tough skin. (AC +1)


Message History

The orc hits you with a +0 short sword.
You closely miss the orc. The orc barely misses you.
You closely miss the orc. You block the orc's attack.
The orc hits you with a +0 short sword.
You hit the orc.
The orc is lightly wounded.
The orc hits you with a +0 short sword.
You hit the orc but do no damage.
The orc is lightly wounded.
The orc barely misses you.
A dart slug comes into view.
You hit the orc but do no damage.
The orc is lightly wounded.
The orc hits you with a +0 short sword.
The orc priest calls upon Beogh to heal the orc.
The orc's wounds heal themselves!
The orc hits you with a +0 short sword.
You barely miss the orc. You block the orc's attack.
You barely miss the orc. The orc hits you with a +0 short sword.
You block the orc's attack.
You hit the orc.
The orc is severely wounded.
The orc hits you with a +0 short sword.
You completely miss the orc.
The orc is severely wounded.
The orc closely misses you.
You hit the orc.
You kill the orc!
The orc priest casts a cantrip, but nothing happens.
You hit the dart slug.
The dart slug is moderately wounded.
You block the dart slug's attack.
You sock the dart slug!
You kill the dart slug!
You thump the orc priest!
The orc priest is heavily wounded.
The orc priest mumbles some strange prayers to Beogh against you.
Beogh smites you!
* * * LOW HITPOINT WARNING * * *
The orc priest hits you with a +0 hand axe.
You die...

.####.# #†#
.####.###.####
......).†....####
.#####.##[......# .#
#.##.......# .##
#.##.##.#..# /# ...
..#.....#..######...# #..
........#..##..(..... .
....#.#.....@o(.......
.....#.........##........
...#####.##########...#
## #.# ..# ###########.#
.# ..#......<#.# #
#.#.##.##.#.#
#.#.#...#.#.#
............#


You could see an orc priest.

Vanquished Creatures
  An adder (D:2)
  A gnoll (D:1)
  2 dart slugs
  4 orcs (D:2)
  3 ball pythons (D:1)
  2 endoplasms (D:1)
  2 giant cockroaches (D:1)
  3 goblins
  2 jackals (D:1)
  A quokka (D:2)
  5 bats (D:1)
  4 frilled lizards
  A rat (D:2)
31 creatures vanquished.

Notes
Turn   | Place    | Note
-------+----------+-------------------------------------------
     0 | D:1      | purpskrrrp the Troll Fighter began the quest for the Orb.
     0 | D:1      | Reached XP level 1. HP: 22/22 MP: 0/0
     1 | D:1      | Noticed an electric eel
   215 | D:1      | Reached XP level 2. HP: 29/29 MP: 1/1
   416 | D:1      | Reached skill level 3 in Shields
   535 | D:1      | Reached XP level 3. HP: 36/36 MP: 2/2
   888 | D:2      | Slain by an orc priest

Illustrated notes

Levels and vault maps discovered:
D:1:      arrival_aquarium_a, layout_loops_cross
D:2:      minmay_roachtagon, layout_loops_cross,
          hellmonk_ecumenical_altar_lost_god

Skill      XL: |  1  2 |
---------------+-------+-----
Maces & Flails | 2 |  2.6
Shields        | 3 |  3.1
Fighting       | |  2.6
Dodging        | |  2.8
Stealth        | |  0.1

Action                   || total
-------------------------++-------
Melee: Flail             ||    99
Throw: Large rock        ||     2
  Use: Scroll            ||     7
 Stab: Sleeping          ||     1
Armor: Robe              ||    39
Dodge: Dodged            ||    42
Block: Kite shield       ||    40

Table legend: (Time is in decaauts)
 A = Elapsed time spent in this place.
 B = Non-inter-level travel time spent in this place.
 C = Inter-level travel time spent in this place.
 D = Time resting spent in this place.
 E = Time spent auto-exploring this place.
 F = Levels seen in this place.
 G = Mean time per level.
                   A        B        C        D        E       F      G
               +--------+--------+--------+--------+--------+-----+--------+
         Total |    932 |    864 |     68 |     17 |    568 |   2 |  466.0 |
       Dungeon |    932 |    864 |     68 |     17 |    568 |   2 |  466.0 |
               +--------+--------+--------+--------+--------+-----+--------+

Top non-repeatable levels by time:
     D:1: 773 daAuts
     D:2: 158 daAuts
